PBL
HAMILTON CARDINALS @ SOUTHERN MARYLAND BLUE CRABS
09/03/2046
 
TOP OF THE 1ST
Hamilton Cardinals batting - Pitching for Southern Maryland Blue Crabs : RHP Bruce Yeager
Pitching: RHP Bruce Yeager
Batting: RHB Chris Rouleau 0-0: Ground out 5-3 (Groundball, 5L, EV 95.6 MPH)
Batting: LHB Ken Morehead 0-0: Called Strike
0-1: Ball
1-1: Ball
2-1: Called Strike
2-2: Foul Ball, location: 2F
2-2: Ball
3-2: Base on Balls
Batting: SHB Justin Houser 0-0: Ball
1-0: Called Strike
1-1: Swinging Strike
1-2: Strikes out swinging
Batting: RHB Julio Sandoval 0-0: Hit by Pitch
Ken Morehead to second
Batting: RHB Johnny Lowe 0-0: Ball
1-0: Ball
2-0: Called Strike
2-1: Foul Ball, location: 2F
2-2: Foul Ball, location: 2F
2-2: Strikes out looking
Top of the 1st over - 0 runs, 0 hits, 0 errors, 2 left on base; Hamilton 0 - Southern Maryland 0
BOTTOM OF THE 1ST
Southern Maryland Blue Crabs batting - Pitching for Hamilton Cardinals : RHP Daniel Boulter
Pitching: RHP Daniel Boulter
Batting: RHB Eddie Morin 0-0: Ball
1-0: Ball
2-0: Called Strike
2-1: Foul Ball, location: 2F
2-2: SINGLE (Groundball, 6MD, EV 104.4 MPH) (infield hit)
Batting: LHB Pat Fontana 0-0: Ball
1-0: Ball
2-0: Called Strike
2-1: Swinging Strike
2-2: DOUBLE (Groundball, 3L, EV 106.9 MPH)
Eddie Morin to third
Batting: RHB Maup Gommers 0-0: Foul Ball, location: 2F
0-1: Called Strike
0-2: Ball
1-2: DOUBLE (Line Drive, 8LD, EV 111.2 MPH)
Eddie Morin scores
Pat Fontana scores
Batting: LHB Xue-liang Zhou 0-0: Swinging Strike
0-1: Foul Ball, location: 2F
0-2: Ball
1-2: Fly out, F7 (Flyball, 7LS, EV 84.4 MPH)
Batting: RHB Jonathan Mendoza 0-0: Ball
1-0: Swinging Strike
1-1: Ground out 5-3 (Groundball, 56S, EV 76.2 MPH)
Maup Gommers to third
Batting: SHB Eric Kelley 0-0: Ball
1-0: Ball
2-0: Ball
3-0: Base on Balls
Batting: RHB Alfredo Reguera 0-0: Ball
1-0: Ball
2-0: Ground out 5-3 (Groundball, 56S, EV 65.0 MPH)
Bottom of the 1st over - 2 runs, 3 hits, 0 errors, 2 left on base; Hamilton 0 - Southern Maryland 2
TOP OF THE 2ND
Hamilton Cardinals batting - Pitching for Southern Maryland Blue Crabs : RHP Bruce Yeager
Batting: RHB Joey Black 0-0: Foul Ball, location: 2F
0-1: SINGLE (Groundball, 56D, EV 94.4 MPH)
Batting: RHB Sal Guzman 0-0: Called Strike
0-1: DOUBLE (Flyball, 89XD, EV 105.0 MPH)
Joey Black to third
Batting: SHB J.T. Ready 0-0: Called Strike
0-1: Ball
1-1: Foul Ball, location: 2F
1-2: Foul Ball, location: 2F
1-2: Ball
2-2: Strikes out looking
Batting: RHB Pablo Nunez 0-0: Foul Ball, location: 2F
0-1: Called Strike
0-2: DOUBLE (Line Drive, 89D, EV 101.2 MPH)
Joey Black scores
Sal Guzman scores
Batting: RHB Chris Rouleau 0-0: Called Strike
0-1: Ball
1-1: Foul Ball, location: 2F
1-2: Foul Ball, location: 2F
1-2: Ball
2-2: Foul Ball, location: 2F
2-2: Ball
3-2: Base on Balls
Batting: LHB Ken Morehead 0-0: Ball
1-0: Ball
2-0: Swinging Strike
2-1: Called Strike
2-2: Foul Ball, location: 2F
2-2: Strikes out swinging
Batting: SHB Justin Houser 0-0: Fly out, F9 (Flyball, 9, EV 82.5 MPH)
Top of the 2nd over - 2 runs, 3 hits, 0 errors, 2 left on base; Hamilton 2 - Southern Maryland 2
BOTTOM OF THE 2ND
Southern Maryland Blue Crabs batting - Pitching for Hamilton Cardinals : RHP Daniel Boulter
Batting: SHB Carlos Carrillo 0-0: Ball
1-0: Ground out 5-3 (Groundball, 5, EV 81.2 MPH)
Batting: LHB Edwin Cabral 0-0: Called Strike
0-1: Fly out, F8 (Flyball, 89D, EV 102.5 MPH)
Batting: RHB Eddie Morin 0-0: Called Strike
0-1: SINGLE (Line Drive, 3L, EV 98.8 MPH)
Batting: LHB Pat Fontana 0-0: Ball
1-0: Ball
2-0: Ball
3-0: Called Strike
3-1: Base on Balls
Eddie Morin to second
Batting: RHB Maup Gommers 0-0: Swinging Strike
0-1: Ground out 4-3 (Groundball, 34, EV 83.8 MPH)
Bottom of the 2nd over - 0 runs, 1 hit, 0 errors, 2 left on base; Hamilton 2 - Southern Maryland 2
TOP OF THE 3RD
Hamilton Cardinals batting - Pitching for Southern Maryland Blue Crabs : RHP Bruce Yeager
Batting: RHB Julio Sandoval 0-0: Called Strike
0-1: Ball
1-1: Foul Ball, location: 2F
1-2: Ground out 5-3 (Groundball, 56S, EV 80.6 MPH)
Batting: RHB Johnny Lowe 0-0: Ball
1-0: Ball
2-0: Ball
3-0: Base on Balls
Batting: RHB Joey Black 0-0: Foul Ball, location: 2F
0-1: Foul Ball, location: 2F
0-2: Strikes out swinging
Batting: RHB Sal Guzman 0-0: Called Strike
0-1: Ball
1-1: Swinging Strike
1-2: Ball
2-2: Ball
3-2: Strikes out swinging
Top of the 3rd over - 0 runs, 0 hits, 0 errors, 1 left on base; Hamilton 2 - Southern Maryland 2
BOTTOM OF THE 3RD
Southern Maryland Blue Crabs batting - Pitching for Hamilton Cardinals : RHP Daniel Boulter
Batting: LHB Xue-liang Zhou 0-0: Ground out 6-3 (Groundball, 6, EV 96.9 MPH)
Batting: RHB Jonathan Mendoza 0-0: Ball
1-0: Fly out, F4 (Popup, 4M, EV 49.4 MPH)
Batting: SHB Eric Kelley 0-0: Ball
1-0: Ground out U3 (Groundball, 3, EV 84.4 MPH)
Bottom of the 3rd over - 0 runs, 0 hits, 0 errors, 0 left on base; Hamilton 2 - Southern Maryland 2
TOP OF THE 4TH
Hamilton Cardinals batting - Pitching for Southern Maryland Blue Crabs : RHP Bruce Yeager
Batting: SHB J.T. Ready 0-0: Called Strike
0-1: Ground out 1-3 (Groundball, 13, EV 75.0 MPH)
Batting: RHB Pablo Nunez 0-0: Foul Ball, location: 2F
0-1: Ball
1-1: Called Strike
1-2: Strikes out swinging
Batting: RHB Chris Rouleau 0-0: Called Strike
0-1: Ball
1-1: Foul Ball, location: 2F
1-2: Foul Ball, location: 2F
1-2: Strikes out looking
Top of the 4th over - 0 runs, 0 hits, 0 errors, 0 left on base; Hamilton 2 - Southern Maryland 2
BOTTOM OF THE 4TH
Southern Maryland Blue Crabs batting - Pitching for Hamilton Cardinals : RHP Daniel Boulter
Batting: RHB Alfredo Reguera 0-0: SINGLE (Line Drive, 4D, EV 96.2 MPH)
Batting: SHB Carlos Carrillo 0-0: Ball
1-0: Called Strike
1-1: Swinging Strike
1-2: SINGLE (Groundball, 34D, EV 98.1 MPH)
Alfredo Reguera to second
Runner from 2nd tries for 3rd, SAFE, throw by RF made to third
Batting: LHB Edwin Cabral 0-0: Ball
1-0: Ball
2-0: Called Strike
2-1: Fielders Choice at 2nd, 6-4 (Groundball, 6, EV 89.4 MPH)
Alfredo Reguera scores
Batting: RHB Eddie Morin 0-0: Called Strike
Edwin Cabral steals 2nd base
0-1: Ball
1-1: Called Strike
1-2: Ball
2-2: Foul Ball, location: 2F
2-2: Ground out 6-3 (Groundball, 6M, EV 94.4 MPH)
Edwin Cabral to third
Batting: LHB Pat Fontana 0-0: Called Strike
0-1: Ball
1-1: Ball
2-1: Ball
3-1: Base on Balls
Batting: RHB Maup Gommers 0-0: Ball
1-0: Ball
2-0: Ball
3-0: Base on Balls
Pat Fontana to second
Batting: LHB Xue-liang Zhou 0-0: Ball
1-0: Ground out 4-3 (Groundball, 4, EV 81.2 MPH)
Bottom of the 4th over - 1 run, 2 hits, 0 errors, 3 left on base; Hamilton 2 - Southern Maryland 3
TOP OF THE 5TH
Hamilton Cardinals batting - Pitching for Southern Maryland Blue Crabs : RHP Bruce Yeager
Batting: LHB Ken Morehead 0-0: Ball
1-0: Called Strike
1-1: Ball
2-1: Called Strike
2-2: SOLO HOME RUN (Flyball, 89XD, EV 111.2 MPH), Distance : 432 ft
Batting: SHB Justin Houser 0-0: SOLO HOME RUN (Flyball, 9LD, EV 91.9 MPH), Distance : 341 ft
Batting: RHB Julio Sandoval 0-0: Called Strike
0-1: Foul Ball, location: 2F
0-2: Ball
1-2: Ball
2-2: Strikes out looking
Pitching: RHP Joe Sloboda
Batting: RHB Johnny Lowe 0-0: Ball
1-0: Ball
2-0: Ball
3-0: Called Strike
3-1: Base on Balls
Batting: RHB Joey Black 0-0: Ball
1-0: Fly out, F8 (Flyball, 8RXD, EV 87.5 MPH)
Batting: RHB Sal Guzman 0-0: Ball
1-0: Foul Ball, location: 2F
1-1: 2-RUN HOME RUN (Flyball, 9D, EV 99.4 MPH), Distance : 390 ft
Batting: SHB J.T. Ready 0-0: Foul Ball, location: 2F
0-1: Ball
1-1: Foul Ball, location: 2F
1-2: Ball
2-2: Strikes out swinging
Top of the 5th over - 4 runs, 3 hits, 0 errors, 0 left on base; Hamilton 6 - Southern Maryland 3
BOTTOM OF THE 5TH
Southern Maryland Blue Crabs batting - Pitching for Hamilton Cardinals : RHP Daniel Boulter
Batting: RHB Jonathan Mendoza 0-0: Foul Ball, location: 2F
0-1: Called Strike
0-2: SOLO HOME RUN (Flyball, 78XD, EV 112.5 MPH), Distance : 435 ft
Batting: SHB Eric Kelley 0-0: Foul Ball, location: 2F
0-1: Ball
1-1: Fly out, F4 (Popup, 34S, EV 81.9 MPH)
Batting: RHB Alfredo Reguera 0-0: Ball
1-0: Foul Ball, location: 2F
1-1: Ball
2-1: Ball
3-1: Swinging Strike
3-2: SOLO HOME RUN (Flyball, 9D, EV 103.1 MPH), Distance : 389 ft
Batting: SHB Carlos Carrillo 0-0: Ball
1-0: Swinging Strike
1-1: Fly out, F7 (Line Drive, 7, EV 93.1 MPH)
Batting: LHB Edwin Cabral 0-0: Called Strike
0-1: Ball
1-1: Foul Ball, location: 2F
1-2: Ball
2-2: Foul Ball, location: 2F
2-2: Fly out, F8 (Flyball, 8LD, EV 84.4 MPH)
Bottom of the 5th over - 2 runs, 2 hits, 0 errors, 0 left on base; Hamilton 6 - Southern Maryland 5
TOP OF THE 6TH
Hamilton Cardinals batting - Pitching for Southern Maryland Blue Crabs : RHP Joe Sloboda
Batting: RHB Pablo Nunez 0-0: Called Strike
0-1: Ball
1-1: Swinging Strike
1-2: Strikes out swinging
Batting: RHB Chris Rouleau 0-0: Called Strike
0-1: Ball
1-1: Swinging Strike
1-2: Ball
2-2: Ball
3-2: Base on Balls
Batting: LHB Ken Morehead 0-0: Ball
1-0: Ball
2-0: Foul Ball, location: 2F
2-1: 2-RUN HOME RUN (Flyball, 9LD, EV 93.1 MPH), Distance : 336 ft
Pitching: RHP Justin Swanson
Batting: SHB Justin Houser 0-0: Ball
1-0: Called Strike
1-1: Foul Ball, location: 2F
1-2: Ball
2-2: Ball
3-2: Ground out 4-3 (Groundball, 34, EV 90.6 MPH)
Batting: RHB Julio Sandoval 0-0: Ball
1-0: Ball
2-0: Foul Ball, location: 2F
2-1: Ball
3-1: Base on Balls
Batting: RHB Johnny Lowe 0-0: Ball
1-0: Ball
2-0: Fly out, F9 (Line Drive, 89M, EV 90.6 MPH)
Top of the 6th over - 2 runs, 1 hit, 0 errors, 1 left on base; Hamilton 8 - Southern Maryland 5
BOTTOM OF THE 6TH
Southern Maryland Blue Crabs batting - Pitching for Hamilton Cardinals : RHP Daniel Boulter
Batting: RHB Eddie Morin 0-0: Ball
1-0: Ball
2-0: Called Strike
2-1: Ball
3-1: Base on Balls
Batting: LHB Pat Fontana 0-0: Ball
1-0: Called Strike
1-1: Ball
Wild Pitch!
Eddie Morin to second
2-1: Ball
Eddie Morin steals 3rd base
3-1: Called Strike
3-2: Ground out 6-3 (Groundball, 6, EV 98.8 MPH)
Eddie Morin scores
Batting: RHB Maup Gommers 0-0: Fly out, F4 (Popup, 34S, EV 64.4 MPH)
Batting: LHB Xue-liang Zhou 0-0: Fly out, F7 (Flyball, 7S, EV 81.2 MPH)
Bottom of the 6th over - 1 run, 0 hits, 0 errors, 0 left on base; Hamilton 8 - Southern Maryland 6
TOP OF THE 7TH
Hamilton Cardinals batting - Pitching for Southern Maryland Blue Crabs : RHP Justin Swanson
Batting: RHB Joey Black 0-0: Ball
1-0: Called Strike
1-1: SINGLE (Groundball, 56D, EV 106.2 MPH)
Batting: RHB Sal Guzman 0-0: Called Strike
0-1: Ball
1-1: 2-RUN HOME RUN (Flyball, 7LD, EV 96.2 MPH), Distance : 359 ft
Batting: SHB J.T. Ready 0-0: Called Strike
0-1: Called Strike
0-2: Ball
1-2: Strikes out swinging
Batting: RHB Pablo Nunez 0-0: Ball
1-0: Fly out, F8 (Line Drive, 8RM, EV 98.1 MPH)
Batting: RHB Chris Rouleau 0-0: Ball
1-0: Called Strike
1-1: Swinging Strike
1-2: Ball
2-2: Fly out, F8 (Flyball, 8LD, EV 101.2 MPH)
Top of the 7th over - 2 runs, 2 hits, 0 errors, 0 left on base; Hamilton 10 - Southern Maryland 6
BOTTOM OF THE 7TH
Southern Maryland Blue Crabs batting - Pitching for Hamilton Cardinals : RHP Daniel Boulter
Batting: RHB Jonathan Mendoza 0-0: Ball
1-0: Ball
2-0: Swinging Strike
2-1: SOLO HOME RUN (Flyball, 7D, EV 99.4 MPH), Distance : 403 ft
Batting: SHB Eric Kelley 0-0: Foul Ball, location: 2F
0-1: Ball
1-1: Fly out, F8 (Line Drive, 8LM, EV 87.5 MPH)
Batting: RHB Alfredo Reguera 0-0: Called Strike
0-1: Ball
1-1: Ball
2-1: Ball
3-1: Fly out, F8 (Flyball, 8LD, EV 95.6 MPH)
Batting: SHB Carlos Carrillo 0-0: Ball
1-0: Ball
2-0: Ball
3-0: Base on Balls
Pitching: RHP Jung-joon Chon
Batting: LHB Edwin Cabral 0-0: Reached on error, E5 (Groundball, 56, EV 108.8 MPH)
Carlos Carrillo to second
Pinch Hitting: RHB Minoru Matsumoto 0-0: Called Strike
0-1: Ball
1-1: Foul Ball, location: 2F
1-2: Strikes out swinging
Bottom of the 7th over - 1 run, 1 hit, 1 error, 2 left on base; Hamilton 10 - Southern Maryland 7
TOP OF THE 8TH
Hamilton Cardinals batting - Pitching for Southern Maryland Blue Crabs : RHP Justin Swanson
Now at 3B: Chris Cohen
Now at SS: Maup Gommers
Batting: LHB Ken Morehead 0-0: Ball
1-0: Ball
2-0: Foul Ball, location: 2F
2-1: Ball
3-1: Called Strike
3-2: Base on Balls
Batting: SHB Justin Houser 0-0: Called Strike
0-1: SINGLE (Groundball, 3D, EV 100.6 MPH)
Ken Morehead to second
Runner from 2nd tries for 3rd, SAFE, throw by RF made to third
Pitching: RHP Rich Hensley
Batting: RHB Julio Sandoval 0-0: Swinging Strike
0-1: Called Strike
0-2: Ball
1-2: Grounds into double play, 6-4-3 (Groundball, 6, EV 83.1 MPH)
Ken Morehead scores
Batting: RHB Johnny Lowe 0-0: Called Strike
0-1: Swinging Strike
0-2: Strikes out swinging
Top of the 8th over - 1 run, 1 hit, 0 errors, 0 left on base; Hamilton 11 - Southern Maryland 7
BOTTOM OF THE 8TH
Southern Maryland Blue Crabs batting - Pitching for Hamilton Cardinals : RHP Jung-joon Chon
Batting: LHB Pat Fontana 0-0: Foul Ball, location: 2F
0-1: Ground out 6-3 (Groundball, 6MS, EV 67.5 MPH)
Batting: RHB Maup Gommers 0-0: Ball
1-0: Ball
2-0: Ball
3-0: Called Strike
3-1: DOUBLE (Line Drive, 9LD, EV 106.2 MPH)
Batting: LHB Xue-liang Zhou 0-0: Ball
1-0: Ball
2-0: Foul Ball, location: 2F
2-1: Ball
3-1: Base on Balls
Batting: RHB Jonathan Mendoza 0-0: Ball
1-0: Ball
2-0: Ball
3-0: Base on Balls
Maup Gommers to third
Xue-liang Zhou to second
Pitching: RHP Joe Cornell
Batting: SHB Eric Kelley 0-0: Called Strike
0-1: Foul Ball, location: 2F
0-2: Ball
1-2: TRIPLE (Flyball, 78XD, EV 107.5 MPH)
Maup Gommers scores
Xue-liang Zhou scores
Jonathan Mendoza scores
Batting: RHB Alfredo Reguera 0-0: Foul Ball, location: 2F
0-1: Ball
1-1: Foul Ball, location: 2F
1-2: Ball
2-2: Ball
3-2: Foul Ball, location: 2F
3-2: Foul Ball, location: 2F
3-2: Foul Ball, location: 2F
3-2: DOUBLE (Flyball, 8LD, EV 93.8 MPH)
Eric Kelley scores
Batting: SHB Carlos Carrillo 0-0: Intentional Walk
Pinch Hitting: RHB Simon Van Steenwyk 0-0: Ball
1-0: SINGLE (Line Drive, 8LS, EV 91.2 MPH)
Alfredo Reguera to third
Carlos Carrillo to second
Runner from 3rd tries for Home, SAFE, throw by CF to home
Pinch Runner at 2nd Han Caspers:
Batting: LHB Chris Cohen 0-0: Ball
1-0: Called Strike
1-1: Foul Ball, location: 2F
1-2: SINGLE (Groundball, 5S, EV 62.5 MPH) (infield hit)
Han Caspers to third
Simon Van Steenwyk to second
Pitching: LHP Gonnohyoe Hata
Batting: LHB Pat Fontana 0-0: Swinging Strike
0-1: Foul Ball, location: 2F
0-2: Foul Ball, location: 2F
0-2: Ball
1-2: Strikes out swinging
Batting: RHB Maup Gommers 0-0: Hit by Pitch
Han Caspers scores
Simon Van Steenwyk to third
Chris Cohen to second
Batting: LHB Xue-liang Zhou 0-0: Ball
1-0: DOUBLE (Groundball, 3L, EV 104.4 MPH)
Simon Van Steenwyk scores
Chris Cohen scores
Maup Gommers to third
Batting: RHB Jonathan Mendoza 0-0: Ball
1-0: Swinging Strike
1-1: Foul Ball, location: 2F
1-2: Strikes out swinging
Bottom of the 8th over - 8 runs, 6 hits, 0 errors, 2 left on base; Hamilton 11 - Southern Maryland 15
TOP OF THE 9TH
Hamilton Cardinals batting - Pitching for Southern Maryland Blue Crabs : RHP Rich Hensley
Now at C: Han Caspers
Now at 2B: Maup Gommers
Now at SS: Ivan Alvarez
Batting: RHB Joey Black 0-0: Called Strike
0-1: Foul Ball, location: 2F
0-2: Strikes out looking
Batting: RHB Sal Guzman 0-0: Ball
1-0: Fly out, F8 (Flyball, 8RD, EV 104.4 MPH)
Batting: SHB J.T. Ready 0-0: Called Strike
0-1: Swinging Strike
0-2: Fly out, F7 (Flyball, 7LS, EV 89.4 MPH)
Top of the 9th over - 0 runs, 0 hits, 0 errors, 0 left on base; Hamilton 11 - Southern Maryland 15
Tuesday, September 13th , 2022 - OOTP Baseball 23.7 Build 88